[Event "VII Open Internacional Quart de Poblet"]
[Site "Quart de Poblet, Spain"]
[Date "2019.08.09"]
[Round "6.2"]
[White "Davtyan, David Arm"]
[Black "Gavarrete, Nahun"]
[Result "1-0"]
[TimeControl "90m +30s por jugada"]
[BlackFideId "8400709"]
[WhiteElo "2249"]
[BlackElo "2349"]

1. e4 c5 2. Nc3 g6 3. f4 Bg7 4. Nf3 d6 5. Bc4 Nc6 6. O-O Nf6 7. d3 O-O 8. Qe1 Nd4 9. Nxd4 cxd4 10.
Nb5 a6 11. Nxd4 Qb6 12. c3 e5 13. fxe5 dxe5 14. Be3 exd4 15. Bxd4 Qd8 16. Qh4 Ng4 17. Qxd8 Rxd8 18. Rxf7 Rxd4 19. cxd4 Bxd4+ 20. Kh1 Kh8 21. Raf1 Ne5 22. Rf8+ Kg7 23.
Rg8+ Kh6 24. Rff8 b5 25. Bd5 Ra7 26. Rxc8 Nxd3 27. g3 Bxb2 28. Rgf8 a5 29. Ra8 Rc7 30. Rfc8 Rxc8 31. Rxc8 a4 32. Bc6 a3 33. Bxb5 Nf2+ 34. Kg2 Nxe4 35. Ra8 Kg5 36.
Bd3 Nc3 37. Ra5+ Kf6 38. Bc4 Ne4 39. Bg8 Kg7 40. Bd5 Nc3 41. Ra7+ Kf6 42. Bb3 h5 43. Ra6+ Kg7 44. Kf3 Nb5 45. h3 Nd4+ 46. Ke4 g5 47. g4 h4 48. Bc4 Kh7 49.
Rd6 Nc2 50. Bb3 1-0

[Event "VII Open Internacional Quart de Poblet"]
[Site "Quart de Poblet, Spain"]
[Date "2019.08.09"]
[Round "6.3"]
[White "Serrano Felipe, Rafael"]
[Black "Sanchez Saez, Francisco"]
[Result "0-1"]
[TimeControl "90m +30s por jugada"]
[WhiteFideId "2252112"]
[BlackFideId "2231743"]
[WhiteElo "2101"]
[BlackElo "2359"]

1. e4 g6 2. d4 Bg7 3.
Be3 d5 4. Nc3 dxe4 5. Nxe4 Nh6 6. c3 Nf5 7. Bf4 Nd6 8. Bd3 Nd7 9. Nf3 Nxe4 10. Bxe4 Nf6 11. Bc2 c6 12. Ne5 Be6 13.
Qd2 Qb6 14. O-O Rd8 15. Rfe1 O-O 16. b4 a5 17. a3 axb4 18. axb4 Ra8 19. Bd3 Rxa1 20. Rxa1 Nd5 21. Bh6 Rd8 22.
Bxg7 Kxg7 23. Qe1 Qc7 24. g3 Qc8 25. Rd1 Bf5 26. c4 Nf6 27. Qe3 Bxd3 28. Rxd3 b5 29. Rc3 Qh3 30. g4 Qh4 31.
h3 Ra8 32. Qf3 Ra1+ 33. Kg2 Ra2 34. d5 cxd5 35. cxd5 h5 36. Re3 hxg4 37. Nxg4 Nxg4 38. hxg4 Rd2 39. Re5 Rd4 40. Re4 Rxd5 41.
Rxe7 Qxe7 42. Qxd5 Qxb4 43. g5 Qb2 44. Kg3 Qc3+ 45. f3 b4 0-1

[Event "VII Open Internacional Quart de Poblet"]
[Site "Quart de Poblet, Spain"]
[Date "2019.08.09"]
[Round "6.4"]
[White "Martinez Villena, David"]
[Black "Kovacevic, Slobodan"]
[Result "0-1"]
[TimeControl "90m +30s por jugada"]
[WhiteFideId "2284022"]
[BlackFideId "902152"]
[WhiteElo "2006"]
[BlackElo "2252"]

1. e4 c5 2. c3 e6 3. d4 d5 4. exd5 exd5 5. Be3 c4 6. b3 cxb3 7. axb3 Nc6 8. Bd3 Nf6 9. h3 h6 10.
Qf3 Bd6 11. Ne2 O-O 12. Nd2 Re8 13. O-O a6 14. Ng3 Bc7 15. Rfe1 Be6 16. b4 a5 17. b5 Na7 18. Nf5 Bxf5 19.
Qxf5 Nc8 20. c4 Nd6 21. Qf3 dxc4 22. Nxc4 Nxb5 23. Nb6 Nxd4 24. Bxd4 Rxe1+ 25. Rxe1 Bxb6 26. Bxf6 Qxf6 27. Qxf6 gxf6 28. Rb1 Bc5 29. Rxb7 Kf8 30. Bc4 Be7 31. Bd5 Rd8 32. Bb3 Rd2 33.
Ra7 Rb2 34. Bd5 Rb5 35. Ba2 f5 36. g3 Re5 37. Kg2 Ke8 38. Kf3 f6 39. Bb3 Kd8 40. Ba4 Kc8 41. Bc6 Bd8 42. Kf4 Rc5 43.
Bf3 Bc7+ 44. Ke3 Bb6 45. Ra8+ Kc7 46. Kd3 Re5 47. Rf8 Bxf2 48. Rxf6 Re3+ 49. Kd2 Rxf3 50. Rf7+ Kc6 51. Ke2 Rxg3 52. Kxf2 Rxh3 53. Rxf5 a4 54. Ra5 a3 55. Kg2 Kb6 56.
Ra8 Rc3 57. Kf2 Rc2+ 58. Kg3 a2 59.
Kh3 Kb5 60. Rb8+ Kc4 61. Rc8+ Kb3 62. Rb8+ Kc3 63. Rc8+ Kb2 64. Rb8+ Kc1 65. Ra8 Rc3+ 66. Kh4 Kb2 0-1

[Event "VII Open Internacional Quart de Poblet"]
[Site "Quart de Poblet, Spain"]
[Date "2019.08.09"]
[Round "6.5"]
[White "Navarro Diaz, Carles"]
[Black "Chernikov, Vladimir"]
[Result "0-1"]
[TimeControl "90m +30s por jugada"]
[BlackFideId "14112914"]
[WhiteElo "2067"]
[BlackElo "2315"]

1. e4 g6 2. d4 Bg7 3. Nf3 d6 4. Be3 Nd7 5. Bc4 e6 6.
Nc3 a6 7. a4 d5 8. exd5 Nb6 9. Qe2 exd5 10. Bg5+ Ne7 11. Bxe7 Qxe7 12. Qxe7+ Kxe7 13. Nxd5+ Nxd5 14. Bxd5 Rd8 15.
Bb3 Bxd4 16. Nxd4 Rxd4 17. O-O Bf5 18. Rfe1+ Kf6 19. Re2 Rad8 20. c3 Rd2 21. Rae1 Rxe2 22. Rxe2 Be6 23. Bc2 Bc4 24.
Re4 b5 25. axb5 axb5 26. Rf4+ Kg5 27. g3 Rd2 28. h4+ Kh6 29. b3 Be6 30. Be4 Bxb3 31. Kg2 Bc4 32. Rf6 Be6 33. Kf3 Kg7 34.
Rf4 f5 35. Bb1 c5 36. Ke3 Rb2 37. Bd3 h6 38. Rf3 c4 39. Bf1 Bd5 40. Rf4 Be4 41. f3 g5 42. hxg5 hxg5 43. Rxe4 fxe4 44.
fxe4 Rc2 45. Kd4 g4 0-1

[Event "VII Open Internacional Quart de Poblet"]
[Site "Quart de Poblet, Spain"]
[Date "2019.08.09"]
[Round "6.6"]
[White "Nieves Cabanes, Jose Manuel"]
[Black "Ventura Monfort, Javier"]
[Result "1-0"]
[TimeControl "90m +30s por jugada"]
[WhiteFideId "22245715"]
[BlackFideId "32023170"]
[WhiteElo "2311"]
[BlackElo "1678"]

1. d4 Nf6 2. Nf3 e6 3. c4 d5 4. Nc3 Bb4 5. Bg5 h6 6. Bxf6 Qxf6 7. e3 O-O 8. cxd5 exd5 9. Qb3 Qd6 10.
Bd3 Nd7 11. O-O c6 12. Bf5 Nb6 13. Bxc8 Raxc8 14. Ne2 Qe7 15. Nf4 Nc4 16. Nd3 Bd6 17. Rfe1 Bb8 18. e4 Na5 19. Qc3 Qd8 20.
e5 b6 21. Nd2 c5 22. dxc5 d4 23. Qa3 bxc5 24. Nxc5 Nc6 25. Nd3 Qg5 26. f4 Qf5 27. Ne4 Rcd8 28. Rac1 Ne7 29. Qxe7 1-0

[Event "VII Open Internacional Quart de Poblet"]
[Site "Quart de Poblet, Spain"]
[Date "2019.08.09"]
[Round "6.7"]
[White "Martinez Lopez, Jaume"]
[Black "Lara Lopez, Jose"]
[Result "0-1"]
[TimeControl "90m +30s por jugada"]
[WhiteFideId "2211254"]
[BlackFideId "2257041"]
[WhiteElo "1982"]
[BlackElo "2271"]

1. d4 Nf6 2. Nf3 e6 3. Bf4 c5 4. e3 Nc6 5. Nbd2 d5 6. c3 Bd6 7. Bg3 O-O 8. Bd3 Re8 9. Ne5 Qc7 10. f4 Ne7 11. Bf2 Rf8 12. Qb1 c4 13.
Bc2 b5 14. a3 g6 15. h4 Bxe5 16. fxe5 Ng4 17. h5 Nf5 18. Bxf5 exf5 19. Nf3 a5 20. Ke2 Rb8 21. Bg3 b4 22.
Qe1 bxc3 23. bxc3 Rb2+ 24. Nd2 Be6 25. Rb1 Rfb8 26.
Rxb2 Rxb2 27. Qa1 Rb7 28. Bf4 Qd8 29.
hxg6 fxg6 30. Rb1 Qh4 31. Rf1 Qe7 32. Rh1 g5 33. Bg3 Nxe3 34. Kxe3 f4+ 35. Bxf4 gxf4+ 36. Kf2 Qg5 37. Qc1 Qg3+ 38. Kg1 Qe3+ 39. Kh2 Rg7 40. Nf3 Qf2 41. Qf1 Qg3+ 42.
Kg1 Rb7 43. Qc1 Bf5 44. Rh4 Rb1 0-1

[Event "VII Open Internacional Quart de Poblet"]
[Site "Quart de Poblet, Spain"]
[Date "2019.08.09"]
[Round "6.8"]
[White "Nieves Cabanes, Javier"]
[Black "Nieto Tornero, Jose"]
[Result "1-0"]
[TimeControl "90m +30s por jugada"]
[WhiteFideId "22245707"]
[BlackFideId "2294354"]
[WhiteElo "2211"]
[BlackElo "1851"]

1. d4 d5 2. c4 e6 3. Nf3 Nf6 4. e3 Bb4+ 5. Nbd2 c5 6. cxd5 exd5 7. a3 Bxd2+ 8. Bxd2 cxd4 9. Bb5+ Bd7 10.
Nxd4 Bxb5 11. Nxb5 Nc6 12. Bc3 O-O 13. O-O a6 14. Nd4 Ne4 15. Be1 Qb6 16. Qb3 Qxb3 17. Nxb3 Rfd8 18. Rd1 b6 19. f3 Nc5 20. Rc1 Ne5 21.
Nxc5 bxc5 22. Bh4 Rdb8 23. Bg3 Re8 24. Rxc5 Nc4 25. e4 Nxb2 26. exd5 Na4 27. Rc6 1-0

[Event "VII Open Internacional Quart de Poblet"]
[Site "Quart de Poblet, Spain"]
[Date "2019.08.09"]
[Round "6.9"]
[White "Simarro Peiro, Andres"]
[Black "Piris Ferrandis, Asier"]
[Result "0-1"]
[TimeControl "90m +30s por jugada"]
[WhiteFideId "54599067"]
[BlackFideId "54535999"]
[WhiteElo "1005"]
[BlackElo "1218"]

1. e4 c5 2. Nf3 d6 3. Nc3 Nf6 4.
Bc4 g6 5. d3 Bg7 6. O-O O-O 7. Be3 Nc6 8. Qd2 a6 9. Rad1 b5 10. Bb3 Rb8 11. Rfe1 a5 12. a4 bxa4 13. Nxa4 Bd7 14.
d4 cxd4 15. Bf4 e5 16. Bg3 Qe8 17. h3 Nb4 18. Rc1 Bxa4 19. Bc4 Qc6 20. b3 Bb5 21. Qe2 Bxc4 22. bxc4 a4 23. Red1 Nxe4 24.
Kf1 Nc3 25. Qe1 Qxc4+ 26. Kg1 Qe2 27. Qxe2 Nxe2+ 28. Kh1 Nxc1 29. Rxc1 a3 30. Nd2 Bh6 31. Rd1 Bxd2 32. Rxd2 a2 33.
Rd1 Ra8 34. c3 a1=Q 35. Rxa1 Rxa1+ 36. Kh2 dxc3 37. f4 c2 38. fxe5 c1=Q 39. Bf2 Qf4+ 40. Bg3 Qf1 41. exd6 Qh1# 0-1

[Event "VII Open Internacional Quart de Poblet"]
[Site "Quart de Poblet, Spain"]
[Date "2019.08.09"]
[Round "7.1"]
[White "Cruz Lledo, Pablo"]
[Black "Kovacevic, Slobodan"]
[Result "1-0"]
[TimeControl "90m +30s por jugada"]
[WhiteFideId "2297361"]
[BlackFideId "902152"]
[WhiteElo "2445"]
[BlackElo "2252"]

1. d4 Nf6 2. c4 e6 3. Nc3 c5 4. d5 exd5 5. cxd5 d6 6. e4 g6 7. Nge2 Bg7 8. Ng3 O-O 9. Be2 a6 10.
a4 Nbd7 11. O-O Re8 12. Be3 h5 13. f3 Nh7 14. Qd2 h4 15. Nh1 f5 16. Nf2 Ne5 17. Kh1 Kh8 18. Rg1 Rf8 19. exf5 Bxf5 20.
Nce4 Qe7 21. a5 Bd7 22. b4 c4 23. Bd4 h3 24. gxh3 Nxf3 25. Bxf3 Rxf3 26. Rxg6 Bxd4 27. Qxd4+ Qe5 28.
Qxe5+ dxe5 29. Rg3 Rf4 30. Kg1 Raf8 31. Nc5 R8f7 32. Nfe4 Bf5 33. Nd6 Rf6 34. Nxf5 R6xf5 35. Nxb7 Rd4 36.
Nc5 Ng5 37. Rf1 Rxf1+ 38. Kxf1 Ne4 39. Nxe4 Rxe4 40. Rg4 Re3 41. Rxc4 Rd3 42. Rc6 Rd4 43. Rb6 Kg7 44. Kf2 Kf7 45. Kg3 Rd3+ 46. Kg4 Rxd5 47. Kf5 Rd4 48. Kxe5 Rh4 49. Kd5 Ke7 50.
Kc5 Rh5+ 51. Kc6 Rf5 52.
Kb7 1-0

[Event "VII Open Internacional Quart de Poblet"]
[Site "Quart de Poblet, Spain"]
[Date "2019.08.09"]
[Round "7.2"]
[White "Sanchez Saez, Francisco"]
[Black "Davtyan, David Arm"]
[Result "0-1"]
[TimeControl "90m +30s por jugada"]
[WhiteFideId "2231743"]
[WhiteElo "2359"]
[BlackElo "2249"]

1. e4 c5 2. d4 cxd4 3. c3 d3 4. Bxd3 Nc6 5. Nf3 g6 6.
O-O Bg7 7. c4 d6 8. h3 Nf6 9. Nc3 O-O 10. Be3 Nd7 11.
Rc1 Nde5 12. Be2 Nxf3+ 13. Bxf3 Be6 14. b3 Qa5 15. Qd2 a6 16. Nd5 Qxd2 17. Bxd2 Rac8 18. Bg5 Rfe8 19. Rfe1 Bb2 20.
Rb1 Be5 21. Bg4 h5 22. Be2 f6 23. Bd2 f5 24. Bd3 Kf7 25. Nf4 Bxf4 26. Bxf4 Nb4 27. exf5 Nxd3 28. fxe6+ Kf6 29. Re3 Nxf4 30.
Rf3 g5 31. g3 Kf5 32. Re1 Rc5 33. gxf4 gxf4 34. Rd3 b5 35. Rd4 bxc4 36. bxc4 Rg8+ 37. Kf1 Re5 38. Rxe5+ dxe5 39. Rd7 Kxe6 40. Ra7 Rc8 41. Rxa6+ Kf5 42. Rh6 Rxc4 43. Rxh5+ Ke4 44.
Kg2 Rc8 45. Rg5 Rh8 46. a4 Ra8 47.
Rg7 Rxa4 48. Rxe7 Kf5 49. Rf7+ Kg6 50. Rf8 Kg5 51. Rg8+ Kf5 52. Rf8+ Kg5 53. Rg8+ Kf5 54. Rf8+ Ke4 55. Re8 Ra7 56. Rg8 Rh7 57. Rg5 Kd4 58. Rg4 Rh8 59. Rg7 Kd3 60. Rg4 Ke2 61. h4 Rh7 62.
Rg5 e4 63. Rg4 Rf7 64. h5 f3 65. Kh3 e3 66. fxe3 f2 67. Rg2 Kxe3 68. Rxf2 Rxf2 69. Kg4 Ke4 70. Kg5 Ke5 71. Kg6 Ke6 72. h6 Rg2 73. Kh7 Kf7 74. Kh8 Rg8+ 75. Kh7 Rg6 0-1

[Event "VII Open Internacional Quart de Poblet"]
[Site "Quart de Poblet, Spain"]
[Date "2019.08.09"]
[Round "7.3"]
[White "Lara Lopez, Jose"]
[Black "Castella Garcia, Fausto"]
[Result "1/2-1/2"]
[TimeControl "90m +30s por jugada"]
[WhiteFideId "2257041"]
[BlackFideId "3501922"]
[WhiteElo "2271"]
[BlackElo "2315"]

1. e4 c5 2. Nc3 Nc6 3. g3 g6 4.
Bg2 Bg7 5. d3 d6 6. f4 f5 7. Nf3 Nh6 8. O-O O-O 9. Kh1 Rb8 10. Ng5 Nd4 11. Nd5 fxe4 12. dxe4 Bg4 13. Qd2 Bd7 14.
c3 Ne6 15. Nf3 Nc7 16. Re1 Nf7 17. b3 e6 18. Nxc7 Qxc7 19. Bb2 b5 20. Rac1 e5 21. c4 bxc4 22. Rxc4 Rbe8 23. Rc2 exf4 24. Bxg7 Kxg7 25. Qc3+ Ne5 26.
b4 fxg3 27. bxc5 dxc5 28. Nxe5 Qxe5 29. hxg3 Rf6 30. Rec1 Qh5+ 31. Kg1 Qg5 32. Qd2 Qxd2 33. Rxd2 Bc6 34. Rxc5 Bxe4 35. Rc7+ Kh6 36. Re2 Rfe6 37.
Rxa7 1/2-1/2

[Event "VII Open Internacional Quart de Poblet"]
[Site "Quart de Poblet, Spain"]
[Date "2019.08.09"]
[Round "7.4"]
[White "Chernikov, Vladimir"]
[Black "Galvan Cipriani, Viviana"]
[Result "0-1"]
[TimeControl "90m +30s por jugada"]
[WhiteFideId "14112914"]
[BlackFideId "32041144"]
[WhiteElo "2315"]
[BlackElo "1941"]

1. d4 c5 2. d5 e6 3. e4 exd5 4. exd5 d6 5. Nc3 Nf6 6. Bb5+ Bd7 7. a4 Be7 8. Nf3 O-O 9. O-O Na6 10. Bxa6 bxa6 11. Nd2 Re8 12. Nc4 Rb8 13.
Bf4 Rb4 14. Qd3 Bf5 15. Qxf5 Rxc4 16. Bg3 Qb6 17. Rab1 Bf8 18. Qf3 Ne4 19. Nxe4 Rcxe4 20. b3 c4 21. a5 Qb5 22. bxc4 Qxb1 23. Qxe4 Qxf1+ 0-1

[Event "VII Open Internacional Quart de Poblet"]
[Site "Quart de Poblet, Spain"]
[Date "2019.08.09"]
[Round "7.5"]
[White "Balada Moreno, Jose Luis"]
[Black "Nieves Cabanes, Jose Manuel"]
[Result "0-1"]
[TimeControl "90m +30s por jugada"]
[WhiteFideId "2214962"]
[BlackFideId "22245715"]
[WhiteElo "2022"]
[BlackElo "2311"]

1. e4 e5 2. Nf3 Nc6 3. Bc4 Bc5 4. c3 Nf6 5. d3 a6 6. Bb3 d6 7. Nbd2 Ba7 8. Nf1 Be6 9. Bc2 d5 10.
Qe2 Ng4 11. Ne3 Nxe3 12. Bxe3 d4 13. Bd2 Bg4 14. Bb3 Qf6 15. h3 Bd7 16. O-O h6 17. Nh2 g5 18. Qh5 Rh7 19. Bd1 O-O-O 20. c4 Kb8 21. Bg4 Be8 22. Bf5 Rh8 23. Rfe1 Ne7 24. Qf3 h5 25. g4 Qg7 26. Kg2 Rd6 27. Rh1 Rdh6 28. Rag1 f6 29.
Kf1 hxg4 30. Nxg4 Nxf5 31. Qxf5 Bd7 32. Qf3 Rg6 33. b4 c5 34. a3 Ka8 35. Ke2 Rf8 36. Qg3 f5 37. exf5 Rxf5 38.
f3 Bc6 39. Rf1 Bb8 40. Qg2 Qf8 41. h4 gxh4 42. Rxh4 Bd6 43. Qh1 Ka7 44. Rh8 Qe7 45. Qh7 Qe6 46. Qh3 e4 47. Re1 Rxf3 0-1

[Event "VII Open Internacional Quart de Poblet"]
[Site "Quart de Poblet, Spain"]
[Date "2019.08.09"]
[Round "7.7"]
[White "Bellver Gorshenin, Maxim"]
[Black "Nieves Cabanes, Javier"]
[Result "0-1"]
[TimeControl "90m +30s por jugada"]
[WhiteFideId "24538671"]
[BlackFideId "22245707"]
[WhiteElo "1681"]
[BlackElo "2211"]

1. e4 c5 2. Nf3 e6 3. d4 cxd4 4. Nxd4 Nc6 5. Nxc6 bxc6 6. Be3 Nf6 7. Nd2 d5 8. e5 Nd7 9. Nf3 Qc7 10.
Bf4 Rb8 11. Qc1 Ba6 12. b3 Qa5+ 13. Bd2 Qb6 14. Bxa6 Qxa6 15. Qd1 Ba3 16. Bc1 Bb4+ 17. Bd2 Bxd2+ 18. Qxd2 Nc5 19. Qe2 Qa5+ 20.
Qd2 Qb5 21. Nd4 Qb6 22. O-O Ne4 23. Qe3 c5 24. Ne2 f6 25. f3 Ng5 26. exf6 gxf6 27. h4 Nf7 28. Nf4 Ne5 29. Nxe6 Qxe6 30.
f4 O-O 31. fxe5 Qxe5 32. Qxc5 Rbc8 33. Qf2 Qe4 34. Rac1 Rc3 35. Rfe1 Qg4 36. Re3 Rxe3 37. Qxe3 d4 38. Qf2 Rf7 39.
g3 Rc7 40. Qe1 Kf7 41. Kh2 Re7 42. Qf1 Re2+ 43. Kh1 Qe4+ 44. Kg1 Qe3+ 45. Kh1 Qe4+ 46. Kg1 Kg7 47. a4 Qe3+ 48. Kh1 Rf2 49.
Qd1 Qe4+ 0-1

[Event "VII Open Internacional Quart de Poblet"]
[Site "Quart de Poblet, Spain"]
[Date "2019.08.09"]
[Round "7.8"]
[White "Sanchez Sabater, Manuel Jose"]
[Black "Gonzalez Aguirre, Luis"]
[Result "0-1"]
[TimeControl "90m +30s por jugada"]
[WhiteFideId "24545210"]
[BlackFideId "2202000"]
[WhiteElo "1498"]
[BlackElo "2112"]

1. e4 c6 2. d4 d5 3. e5 c5 4.
dxc5 Nc6 5. a3 Nxe5 6. b4 e6 7. Bb2 Nc6 8. Nf3 Nf6 9. Bd3 Be7 10. O-O O-O 11. Nc3 e5 12. Bb5 e4 13.
Nd4 Qc7 14. Be2 Rd8 15. Ncb5 Qf4 16. Nxc6 bxc6 17. Nd4 Bd7 18. Bc1 Qc7 19. a4 Qc8 20. Ra3 a5 21. Rg3 axb4 22. Bh6 g6 23.
Bg5 Rxa4 24. c3 Qa8 25. Bxf6 Bxf6 26. Bg4 bxc3 27. Bxd7 Rxd4 0-1

[Event "VII Open Internacional Quart de Poblet"]
[Site "Quart de Poblet, Spain"]
[Date "2019.08.09"]
[Round "7.9"]
[White "Movsisyan, Tigran"]
[Black "Garcia Diaz, Alejandro"]
[Result "0-1"]
[TimeControl "90m +30s por jugada"]
[WhiteFideId "24581364"]
[BlackFideId "22202463"]
[WhiteElo "1594"]
[BlackElo "1806"]

1. c4 Nf6 2. Nc3 e5 3. g3 d5 4.
cxd5 Nxd5 5. Bg2 Nxc3 6. bxc3 Nd7 7. d4 Bd6 8. e3 O-O 9. Ne2 Nf6 10. O-O c6 11. Qc2 Re8 12. Rd1 e4 13.
h3 Bf5 14. c4 Rc8 15. Qa4 a6 16. Bd2 Qd7 17. Kh2 h5 18. c5 Bb8 19. Rdb1 h4 20. Qb3 hxg3+ 21. fxg3 Re7 22. Rb2 g5 23.
Rab1 Qe8 24. Qc4 Rcc7 25. Ba5 Rcd7 26. Qc2 Kg7 27. Rf1 Be6 28. Bc3 Bd5 29. Nc1 Qh8 30. Qe2 Qh4 31. Be1 Nh5 32.
Qg4 Qxg4 33. hxg4 Nf6 34. Bh3 Rd8 35. Rbf2 Re6 36. Bc3 Rh8 37. Kg2 Rh6 38. Rf5 Rg6 39. Ba5 Re8 40. Nb3 Be6 41. R5f2 Rh8 42. Bc3 Nd5 43.
Bd2 Rgh6 44. Rh1 Bxg4 45. Bxg4 Rxh1 46. Rf5 R8h2# 0-1

[Event "VII Open Internacional Quart de Poblet"]
[Site "Quart de Poblet, Spain"]
[Date "2019.08.10"]
[Round "8.1"]
[White "Galvan Cipriani, Viviana"]
[Black "Cruz Lledo, Pablo"]
[Result "0-1"]
[TimeControl "90m +30s por jugada"]
[WhiteFideId "32041144"]
[BlackFideId "2297361"]
[WhiteElo "1941"]
[BlackElo "2445"]

1. c4 g6 2. Nc3 Bg7 3. g3 e6 4. Bg2 Ne7 5. e3 O-O 6. Nge2 d5 7. cxd5 exd5 8. d4 c6 9. O-O Nf5 10.
b4 Nd6 11. Nf4 Nd7 12. a4 a6 13. Rb1 Nb6 14. b5 Bf5 15. Rb3 axb5 16. axb5 Nbc4 17. bxc6 bxc6 18. Nd3 h5 19. Nc5 Re8 20.
Bd2 Bf8 21. N3a4 Ne4 22. Bb4 Nxc5 23. Nxc5 Ra2 24. Nd3 Rxe3 25. Qb1 Rxd3 26. Qxa2 Rxb3 27. Qxb3 Qb6 28. Ra1 Qxb4 29. Qxb4 Bxb4 30.
Bf1 Nd2 31. Rc1 Nf3+ 32. Kh1 Nxd4 33. Ba6 c5 34. Kg2 Be4+ 35. Kf1 c4 36. Bb7 c3 37. Ba6 c2 38. Bb7 Ba3 0-1

[Event "VII Open Internacional Quart de Poblet"]
[Site "Quart de Poblet, Spain"]
[Date "2019.08.10"]
[Round "8.2"]
[White "Davtyan, David Arm"]
[Black "Nieves Cabanes, Jose Manuel"]
[Result "1-0"]
[TimeControl "90m +30s por jugada"]
[BlackFideId "22245715"]
[WhiteElo "2249"]
[BlackElo "2311"]

1. c4 e6 2. Nf3 d5 3. d4 a6 4.
cxd5 exd5 5. Nc3 c6 6. Qc2 Bd6 7. Bg5 Ne7 8. e3 f6 9. Bh4 Bf5 10. Bd3 Bxd3 11. Qxd3 Nd7 12. Bg3 Nb6 13.
O-O O-O 14. Rfe1 Kh8 15. e4 Bb4 16. e5 Ng6 17. Nh4 Nxh4 18. Bxh4 g5 19. Bg3 f5 20. f4 g4 21. h3 gxh3 22.
gxh3 Qe8 23. Bh4 Nd7 24. Qf3 Qe6 25. Kh2 Rg8 26. Rg1 Bxc3 27. bxc3 Rg6 28. Rxg6 hxg6 29. Rg1 Kg7 30.
Qh5 Qf7 31. Qd1 Re8 32. Bg5 Qf8 33. Qe1 Kf7 34. Qh4 Qh8 35. Qf2 Re6 36. Qb2 b6 37. Qb3 Qh5 38. Rg2 Qf3 39. Qa4 Qd3 40. h4 a5 41. Qb3 b5 42. Qa3 a4 43. Qb4 Nf8 44. Qa5 Qf3 45. Qc7+ Ke8 46. Qd8+ Kf7 47. Bh6 Nh7 48. Qd7+ Re7 49. e6+ Kf6 50. Bg5+ Nxg5 51. fxg5+ Kg7 52. Qxe7+ Kg8 53. Qf7+ Kh8 54. Qf8+ Kh7 55. Qh6+ Kg8 56. Qxg6+ Kh8 57. Qf6+ Kg8 58. Qf7+ 1-0

[Event "VII Open Internacional Quart de Poblet"]
[Site "Quart de Poblet, Spain"]
[Date "2019.08.10"]
[Round "8.3"]
[White "Nieves Cabanes, Javier"]
[Black "Sanchez Saez, Francisco"]
[Result "1-0"]
[TimeControl "90m +30s por jugada"]
[WhiteFideId "22245707"]
[BlackFideId "2231743"]
[WhiteElo "2211"]
[BlackElo "2359"]

1. Nf3 g6 2. g3 Bg7 3. Bg2 d6 4. d4 Nf6 5. b3 O-O 6. Bb2 e5 7. dxe5 Ng4 8. Nc3 Nxe5 9. Nxe5 Bxe5 10. Qd2 Nc6 11. O-O-O a5 12. h4 h5 13. Kb1 Bg7 14. f3 Ne5 15.
g4 a4 16. gxh5 axb3 17. axb3 gxh5 18. Bh3 Ng6 19. Rdg1 Bxh3 20. Rxh3 Re8 21. f4 Qf6 22. Rhg3 Kf8 23. Na4 Qe6 24.
Bxg7+ Kxg7 25. Rg5 b5 26. Qc3+ Kf8 27. f5 Qe3 28. Rxg6 Qxc3 29. Rg8+ Ke7 30. Rxe8+ Rxe8 31. Nxc3 Kf6 32.
e4 c6 33. b4 Ke5 34. Kb2 Kd4 35. Kb3 Rb8 36. Rg5 Rh8 37. Rg7 Rf8 38. Rh7 Rg8 39. Kb2 Kc4 40. Rxf7 Kxb4 41. Rc7 c5 42.
f6 Kc4 43. f7 Rf8 44. Re7 b4 45. Nd5 b3 46. cxb3+ Kd3 47. Nf4+ Kd2 48. Ng6 c4 49. Nxf8 c3+ 50. Ka2 d5 51. exd5 c2 52. Rc7 c1=N+ 53. Rxc1 1-0

[Event "VII Open Internacional Quart de Poblet"]
[Site "Quart de Poblet, Spain"]
[Date "2019.08.10"]
[Round "8.4"]
[White "Castella Garcia, Fausto"]
[Black "Galvan, Jesus"]
[Result "1-0"]
[TimeControl "90m +30s por jugada"]
[WhiteFideId "3501922"]
[BlackFideId "3800458"]
[WhiteElo "2315"]
[BlackElo "2220"]

1. e4 d6 2. d4 Nf6 3. Nc3 e5 4. Nf3 Nbd7 5. g4 g6 6.
g5 Nh5 7. Bh3 Bg7 8. Bg4 Nf8 9.
Bxh5 gxh5 10. dxe5 dxe5 11. Qxd8+ Kxd8 12. Be3 Ng6 13. O-O-O+ Bd7 14. Nd2 Kc8 15. f3 h4 16. Nc4 Be6 17. Nd5 b6 18. Rd3 c6 19. Nd6+ Kb8 20.
Nb4 a5 21. Nxc6+ Kc7 22. Nf5 Kxc6 23. Rd6+ Kc7 24. Bxb6+ Kb7 25. Nxg7 Bh3 26. Rhd1 Ra6 27. Bf2 Rc8 28. Rxa6 Kxa6 29. Rd6+ Kb7 30. Rb6+ Kc7 31. Rf6 Nh8 32. Bxh4 Kd7 33. Bg3 Rc6 34. Rxc6 Kxc6 35. Bxe5 Ng6 36. Bc3 Bg2 37. Nf5 Kb6 38. Nd6 Bxf3 39. Kd2 Kc6 40.
Nxf7 Bxe4 41. Ne5+ Nxe5 42. Bxe5 a4 43. b3 axb3 44. axb3 Kc5 45. Bg7 Bf5 46. Bf8+ Kd4 47.
c4 Bb1 48. Bg7+ Ke4 49. b4 Kf5 50. h4 Kg4 51. Bf6 Bg6 52. b5 Be8 53. Ke3 Kf5 54. Kd4 h5 55. Kc5 1-0

[Event "VII Open Internacional Quart de Poblet"]
[Site "Quart de Poblet, Spain"]
[Date "2019.08.10"]
[Round "8.5"]
[White "Gonzalez Aguirre, Luis"]
[Black "Lara Lopez, Jose"]
[Result "0-1"]
[TimeControl "90m +30s por jugada"]
[WhiteFideId "2202000"]
[BlackFideId "2257041"]
[WhiteElo "2112"]
[BlackElo "2271"]

1. Nf3 Nf6 2. c4 b6 3. g3 Bb7 4. Bg2 g6 5. b3 Bg7 6. Bb2 O-O 7. O-O d6 8. d4 c5 9. Nc3 cxd4 10. Qxd4 Na6 11. Qd2 Nc7 12. Rfd1 a6 13. Nd4 Bxg2 14.
Kxg2 Qd7 15. a4 Ne6 16. Nxe6 fxe6 17. f3 Qb7 18. e4 Nd7 19. Ne2 Bxb2 20. Qxb2 b5 21. Qc3 bxa4 22. Rxa4 Nc5 23. Ra3 Nxe4 24. Qe3 Nc5 25. Rd4 Qb4 26.
Qc1 Nxb3 27. Qb2 Rab8 28. Rh4 Nc5 29. Qc1 Qb2 30. Qe3 Rb3 31. Rxb3 Qxb3 32. Qf2 a5 33. Nd4 Qc3 34. Nc6 a4 35.
Nxe7+ Kg7 36. Rd4 Rb8 37. Rd2 a3 38. Kh3 Rb2 39. Re2 a2 40. Rxb2 a1=Q 41. Re2 Qcc1 42. Ra2 Qf1+ 0-1

[Event "VII Open Internacional Quart de Poblet"]
[Site "Quart de Poblet, Spain"]
[Date "2019.08.10"]
[Round "8.6"]
[White "Kovacevic, Slobodan"]
[Black "Ceferino Valles, Juan Carlos"]
[Result "1-0"]
[TimeControl "90m +30s por jugada"]
[WhiteFideId "902152"]
[BlackFideId "54701546"]
[WhiteElo "2252"]
[BlackElo "1593"]

1. d4 Nf6 2. Nf3 d5 3. Bf4 e6 4. Nbd2 c5 5. e3 Nc6 6. c3 Bd6 7. Bg3 O-O 8. Bd3 b6 9. Ne5 Bb7 10. f4 Ne7 11. Qf3 Nf5 12. Bf2 Be7 13. Ng4 Nxg4 14. Qxg4 g6 15. Nf3 a5 16. a4 Ba6 17. Bxa6 Rxa6 18.
O-O Nd6 19. Nd2 cxd4 20. exd4 Ra8 21.
Qe2 Rc8 22. Rfe1 h5 23. Qd3 Qc7 24.
Qf3 Qc6 25. Qe2 Rb8 26. Nf3 Ne4 27. Ne5 Qc7 28. Be3 Kg7 29. Qb5 Rfc8 30. Qe2 Bd6 31. Rf1 Rb7 32. Ra2 Bxe5 33. fxe5 Qc4 34.
Qxc4 Rxc4 35. Rfa1 b5 36. axb5 Rxb5 37. Bc1 f6 38. exf6+ Kxf6 39. Rxa5 Rxa5 40. Rxa5 Kf5 41. Kf1 Nf6 42. Ke2 e5 43. Be3 e4 44. g3 1-0